 Dungeon Crawl Stone Soup version 0.28.0-45-g0d030f2227 (webtiles) character file.

Game seed: 8313892221454092027

991 pkoi the Insei (level 7, -1/60 HPs)
             Began as a Demigod Fighter on Apr 11, 2022.
             Shot with a bolt by a kobold brigand (4 damage)
             ... on level 5 of the Dungeon.
             The game lasted 00:05:25 (5933 turns).

pkoi the Insei (Demigod Fighter)                    Turns: 5933, Time: 00:05:25

Health: -1/60      AC: 16    Str: 17    XL:     7   Next: 66%
Magic:  9/9        EV: 10    Int: 14    God:
Gold:   231        SH:  5    Dex: 17    Spells: 6/6 levels left

rFire   . . .      SeeInvis .   u - +5 dagger
rCold   . . .      Faith    .   b - +0 buckler
rNeg    . . .      Spirit   .   a - +0 scale mail
rPois   .          Reflect  .   h - +2 helmet
rElec   .          Harm     .   l - +0 cloak
rCorr   .          Rampage  .   g - +2 pair of gloves
Will    .....                   f - +0 pair of boots
Stlth   ..........              p - amulet of magic regeneration
HPRegen 0.20/turn               j - ring of wizardry
MPRegen 0.51/turn               (no ring)

@: lethally poisoned (-1 -> -12), unable to read
A: high MP 1, forlorn, divine attributes, wild magic 1, inability to read while
threatened
a: no special abilities


You were on level 5 of the Dungeon.
You visited 1 branch of the dungeon, and saw 5 of its levels.

You collected 231 gold pieces.

Inventory:

Hand Weapons
 e - a +0 short sword
 m - a +0 vorpal mace
 u - a +5 dagger (weapon)
Missiles
 o - 9 poisoned darts (quivered)
Armour
 a - a +0 scale mail (worn)
 b - a +0 buckler (worn)
 f - a +0 pair of boots (worn)
 g - a +2 pair of gloves (worn)
 h - a +2 helmet (worn)
 i - an orb of light
 l - a +0 cloak (worn)
Jewellery
 j - a ring of wizardry (left hand)
 p - an amulet of magic regeneration (around neck)
 w - a ring of willpower
Wands
 q - a wand of acid (7)
 r - a wand of flame (32)
Scrolls
 d - a scroll of teleportation
Potions
 c - a potion of might
 k - a potion of magic
 n - a potion of ambrosia
 s - a potion of attraction {unknown}
 t - a potion of heal wounds


   Skills:
 + Level 4.4 Fighting
 + Level 4.4 Armour
 + Level 2.5 Dodging
 + Level 4.3 Shields
 * Level 5.2 Unarmed Combat


You had 6 spell levels left.
You didn't know any spells.
Your spell library contained the following spells:

 Spells                   Type           Power      Damage    Failure   Level
 Conjure Flame            Conj/Fire      0%         6-21      83%         3
 Ignite Poison            Fire/Tmut/Pois 0%         N/A       83%         3
 Sticky Flame             Conj/Fire      0%         2d3       99%         4


Dungeon Overview and Level Annotations

Branches:
Dungeon (5/15)
 Temple: D:4-7

Shops:
D:5 ?[=


Innate Abilities, Weirdness & Mutations

You have an increased reservoir of magic. (+10% MP)
You shall have no god before yourself.
Your divine heritage dramatically boosts your attributes as you level up.
Your spells are a little harder to cast, but a little more powerful.
You sometimes lose the ability to read scrolls when taking damage.


Message History

* * * LOW HITPOINT WARNING * * *
You are more poisoned.
You barely miss the kobold brigand.
The kobold brigand is lightly wounded.
You feel very sick.
The endoplasm quivers.
The kobold brigand closely misses you.
Unknown command.
You closely miss the kobold brigand.
The kobold brigand is lightly wounded.
You feel very sick.
The kobold brigand hits you but does no damage.
You are more poisoned.
Unknown command.
You barely miss the kobold brigand.
The kobold brigand is lightly wounded.
* * * LOW HITPOINT WARNING * * *
You feel extremely sick.
The kobold brigand hits you but does no damage.
Unknown command.
You hit the kobold brigand.
The kobold brigand is moderately wounded.
* * * LOW HITPOINT WARNING * * *
You feel very sick.
The kobold brigand hits you with a +1 short sword of venom.
* * * LOW HITPOINT WARNING * * *
* * * LOW HITPOINT WARNING * * *
You feel very sick.
The kobold brigand unwields a +1 short sword of venom.
It stops dripping with poison.
The kobold brigand wields a +0 hand crossbow of flaming.
It bursts into flame!
The kobold brigand shoots a bolt.
The bolt hits you.
You feel threatened and lose the ability to read scrolls!
* * * LOW HITPOINT WARNING * * *
The bolt burns you.
* * * LOW HITPOINT WARNING * * *
* * * LOW HITPOINT WARNING * * *
You feel very sick.
The kobold brigand shoots a bolt.
The bolt hits you.
You die...

♣♣.≈≈.♣♣♣*#######.##########.....
...≈≈...♣*...................####
.8.≈≈.8.♣*#######............>...
...≈≈...♣ ###.[.....#......
.∩....∩.♣##########.#<...........
...≈≈...♣#...>..........#.#.#####
.8.≈≈.8.♣#.....................†.
...≈≈...♣#.....#.......##########
♣♣.≈≈.♣♣♣#...J..@#######*********
##.≈≈.# ##......##*******,**,,,,,
...≈≈.###......##**,,,,*,*,*,,,,,
###≈≈)....#.##K)#*,,,,,*,*,*,,,,,
#≈≈####.#.##....).K..*+*,*,,,,,
#≈≈* #.#.##.........,,*,*,,,,,
###* #.#.###.......),,*,*,,,,,
#.#.# #.##.....,,*,*,,,,,
#.#.#####*#....,,**,,,,,,


You could see a kobold brigand and an endoplasm.

Vanquished Creatures
  An ice beast (D:5)
  A black bear (D:5)
  A necrophage (D:4)
  2 phantoms (D:5)
  A scorpion (D:5)
  A howler monkey (D:5)
  A bullfrog zombie (D:5)
  Crazy Yiuf (D:2)
  3 jellies (D:4)
  A hound (D:4)
  Jessica (D:2)
  An iguana (D:5)
  An orc wizard (D:4)
  A hound skeleton (D:5)
  Robin (D:2)
  4 adders
  A howler monkey skeleton (D:4)
  An ufetubus (D:5)
  An adder skeleton (D:5)
  2 worms
  3 dart slugs (D:3)
  10 orcs
  4 ball pythons
  6 endoplasms
  2 giant cockroaches
  17 goblins
  10 hobgoblins
  11 jackals
  11 kobolds
  8 quokkas
  3 bats
  3 rats
115 creatures vanquished.

Vanquished Creatures (others)
  9 fungi (D:5)
  6 toadstools (D:5)
15 creatures vanquished.

Grand Total: 130 creatures vanquished

Notes
Turn   | Place    | Note
-------+----------+-------------------------------------------
     0 | D:1      | pkoi the Demigod Fighter began the quest for the Orb.
     0 | D:1      | Reached XP level 1. HP: 18/18 MP: 3/3
   151 | D:1      | Reached skill level 2 in Unarmed Combat
   254 | D:1      | Reached XP level 2. HP: 20/25 MP: 4/4
  1040 | D:2      | Noticed Robin
  1049 | D:2      | Killed Robin
  1050 | D:2      | Reached XP level 3. HP: 22/31 MP: 5/5
  1247 | D:2      | Gained mutation: You sometimes lose the ability to read
                  | scrolls when taking damage. [potion of mutation]
  1247 | D:2      | Gained mutation: Your spells are a little harder to cast,
                  | but a little more powerful. [potion of mutation]
  1351 | D:2      | Noticed Jessica
  1361 | D:2      | Killed Jessica
  1448 | D:2      | Reached XP level 4. HP: 38/38 MP: 6/6
  1584 | D:2      | Found a runed translucent door.
  1585 | D:2      | Noticed Crazy Yiuf
  1610 | D:2      | Reached skill level 3 in Unarmed Combat
  1915 | D:2      | Killed Crazy Yiuf
  2918 | D:3      | Reached XP level 5. HP: 45/45 MP: 7/7
  3246 | D:4      | Noticed a necrophage
  3258 | D:4      | Killed a necrophage
  3259 | D:4      | Reached skill level 1 in Dodging
  3259 | D:4      | Reached XP level 6. HP: 52/52 MP: 8/8
  3263 | D:4      | Reached skill level 4 in Unarmed Combat
  3465 | D:5      | Entered Level 5 of the Dungeon
  3819 | D:5      | Found Tyunigh's Armour Shop.
  3847 | D:5      | Found Akhul's Magic Scroll Emporium.
  4129 | D:5      | Reached XP level 7. HP: 44/59 MP: 9/9
  4607 | D:5      | Found Xubriufuaf's Jewellery Shop.
  4703 | D:5      | Reached skill level 5 in Unarmed Combat
  5933 | D:5      | HP: 3/60 [poisoned by a kobold brigand]
  5933 | D:5      | Shot with a bolt by a kobold brigand

Illustrated notes

Levels and vault maps discovered:
D:1:      lightli_arrival_quake, layout_basic, nicolae_ecumenical_lake_church
D:2:      layout_loops_ring, minmay_misc_feat_alley, uniq_crazy_yiuf_cottage,
          uniq_robin, uniq_jessica
D:3:      layout_basic
D:4:      layout_rooms, elyvilon_altar_5, serial_bayou_ford_a
D:5:      cheibrodos_fertilizer, layout_basic,
          mainiacjoe_overflow_small_starburst, serial_shops,
          nicolae_shop_waterfront, nicolae_wooded_promenade

Skill      XL: |  1  2  3  4  5  6  7 |
---------------+----------------------+-----
Unarmed Combat | 2 3 4 5 |  5.2
Fighting       | 3 4 |  4.4
Armour         | 3 4 |  4.4
Shields        | 3 4 |  4.3
Dodging        | 1 2 |  2.5

Action                   |  1- 3 |  4- 6 |  7- 9 || total
-------------------------+-------+-------+-------++-------
Melee: Short sword       |   128 |    39 |       ||   167
       Unarmed           |    10 |       |       ||    10
       Mace              |       |   170 |       ||   170
       Dagger            |       |    55 |   141 ||   196
  Use: Scroll            |     2 |     3 |     1 ||     6
       Potion            |     1 |       |     5 ||     6
Armor: Scale mail        |    50 |   191 |    75 ||   316
Dodge: Dodged            |    55 |   122 |    45 ||   222
Block: Buckler           |    34 |    92 |    25 ||   151
